 Dungeon Crawl Stone Soup version 0.29.0-13-gc9e81de378 (webtiles) character file.

Game seed: 9087010898164720172

3784 raistware the Destroyer (level 10, 0/60 HPs)
             Began as an Octopode Conjurer on Sept 8, 2022.
             Was a Follower of Vehumet.
             Succumbed to a killer bee's poison
             ... on level 9 of the Dungeon.
             The game lasted 00:23:05 (11012 turns).

raistware the Destroyer (Octopode Conjurer)        Turns: 11012, Time: 00:23:06

Health: 0/60       AC:  1    Str:  6    XL:     10   Next: 16%
Magic:  22/32      EV: 15    Int: 25    God:    Vehumet [*.....]
Gold:   531        SH:  0    Dex: 17    Spells: 22/27 levels left

rFire   + . .      SeeInvis .   a - staff of conjuration
rCold   . . .      Faith    .   (no shield)
rNeg    . . .      Spirit   .   (helmet restricted)
rPois   .          Reflect  .   (no amulet)
rElec   .          Harm     .   n - +6 ring of dexterity
rCorr   .          Rampage  .   B - ring of magical power
Will    +....                   m - ring of willpower
Stlth   +++.......              D - ring of protection from fire
HPRegen 0.20/turn               (no ring)
MPRegen 0.23/turn               (no ring)
                                (no ring)
                                (no ring)

@: lethally poisoned (0 -> -7)
A: almost no armour, amphibious, 8 rings, camouflage 1, gelatinous body 1,
(nimble swimmer 1), tentacles
a: Renounce Religion


You were on level 9 of the Dungeon.
You worshipped Vehumet.
Vehumet was aware of your devotion.
You visited 2 branches of the dungeon, and saw 10 of its levels.

You collected 567 gold pieces.
You spent 36 gold pieces at shops.

Inventory:

Hand Weapons
 E - the +9 whip of Lycafi {vorpal, Str+7 Stlth-}
   (You took it off a centaur on level 8 of the Dungeon)

   It inflicts extra damage upon your enemies.
   Str:       It affects your strength (+7).
   Stlth:     It makes you less stealthy.
Missiles
 l - 24 poisoned darts
 y - a curare-tipped dart
Magical Staves
 a - a staff of conjuration (weapon)
 s - a staff of earth
Jewellery
 m - a ring of willpower (on tentacle)
 n - a +6 ring of dexterity (left tentacle)
 B - a ring of magical power (right tentacle)
 D - a ring of protection from fire (on tentacle)
Wands
 u - a wand of flame (14)
 x - a wand of light (18)
 C - a wand of paralysis (11)
Scrolls
 b - a scroll of enchant armour {unknown}
 c - 2 scrolls of teleportation {unknown}
 d - 4 scrolls of blinking {unknown}
 e - a scroll of amnesia {unknown}
 k - a scroll of immolation {unknown}
 p - 2 scrolls of fear {unknown}
 t - 3 scrolls of fog
 A - a scroll of torment {unknown}
Potions
 f - 3 potions of mutation
 g - 2 potions of attraction
 h - 2 potions of flight
 i - 4 potions of magic
 j - 3 potions of curing
 o - 2 potions of lignification
 q - 3 potions of brilliance
 r - 4 potions of ambrosia
 v - a potion of might {unknown}
 w - a potion of berserk rage {unknown}
 z - a potion of degeneration {unknown}


   Skills:
 - Level 2.0 Fighting
 - Level 4.0 Dodging
 - Level 3.0 Stealth
 + Level 9.4 Spellcasting
 + Level 10.0 Conjurations
 - Level 2.0 Translocations


You had 22 spell levels left.
You knew the following spells:

 Your Spells              Type           Power      Damage    Failure   Level
a - Magic Dart            Conj           100%       1d8       1%          1
b - Iskenderun's Mystic   Conj/Tloc      58%        2d12      4%          4

Your spell library contained the following spells:

 Spells                   Type           Power      Damage    Failure   Level
 Freeze                   Ice            44%        1d6       5%          1
 Searing Ray              Conj           100%       2d8       1%          2
 Dazzling Flash           Conj/Hex       100%       N/A       1%          3
 Gell's Gravitas          Tloc           21%        N/A       7%          3
 Lesser Beckoning         Tloc           21%        N/A       7%          3
 Teleport Other           Tloc           21%        N/A       7%          3
 Fulminant Prism          Conj/Hex       26%        3d14      7%          4
 Summon Guardian Golem    Hex/Summ       11%        N/A       16%         3
 Orb of Destruction       Conj           37%        9d11      58%         7
 Spellforged Servitor     Conj/Summ      26%        N/A       99%         7


Dungeon Overview and Level Annotations

Branches:
Dungeon (9/15)             Temple (1/1) D:5
   Lair: D:8-11         Orc: D:9-12

Altars:
Ashenzari
Cheibriados
Dithmenos
Elyvilon
Fedhas
Gozag
Hepliaklqana
Kikubaaqudgha
Makhleb
Okawaru
Qazlal
Ru
Sif Muna
Trog
Uskayaw
Vehumet
Wu Jian
Xom
Yredelemnul
Zin
The Shining One

Shops:
D:6 ?

Annotations:
D:2 1 runed translucent door, Crazy Yiuf
D:3 2 transporters, btonasse's ghost, amateur BaHu


Innate Abilities, Weirdness & Mutations

You cannot wear most types of armour.
You are amphibious.
You can wear up to eight rings at the same time.
Your skin changes colour to match your surroundings (Stealth+).
Your rubbery body absorbs attacks. (AC +1, EV +1)
((You are camouflaged when in or above water. (Stealth+)))
You have tentacles for arms and can constrict up to eight enemies at once.


Message History

The killer bee stings you.
You are more poisoned.
The killer bee poisons you!
Casting: Magic Dart (safe; 1% risk of failure)
Confirm with . or Enter, or press ? or * to list all spells.
You feel a surge of power!
You erupt in a blast of force!
The mystic blast hits the killer bee!
The killer bee is severely wounded.
The killer bee is knocked back by the mystic blast.
The killer bee collides with the killer bee!
The killer bee is lightly wounded.
The killer bee is almost dead.
You feel very sick.
Unknown command.
You feel a surge of power!
The magic dart hits the killer bee.
The killer bee is moderately wounded.
You feel very sick.
A centaur comes into view.
The killer bee barely misses you.
Casting: Magic Dart (safe; 1% risk of failure)
Confirm with . or Enter, or press ? or * to list all spells.
You feel a surge of power!
You erupt in a blast of force!
The mystic blast hits the killer bee!!
You kill the killer bee!
Vehumet accepts your kill.
You feel your power returning.
The mystic blast hits the killer bee.
You kill the killer bee!
Vehumet accepts your kill.
You feel very sick.
The centaur wields a +0 shortbow.
The centaur shoots an arrow.
The arrow hits you!
* * * LOW HITPOINT WARNING * * *
The centaur shoots an arrow.
The arrow hits you!
* * * LOW HITPOINT WARNING * * *
Your Conjurations skill increases to level 10!
As you read the scroll of fog, it crumbles to dust.
The scroll dissolves into smoke.
You feel sick.
The centaur shoots an arrow.
The arrow hits you!
* * * LOW HITPOINT WARNING * * *
You die...

###############
#.......§.....#
#....§§.§§§...#
#....§§§§§....#
#.....§§@§....# ..
.....####.....# ##
..... ... #.....# #.
..... c #.....# #.
+#..... #.....# #.
......########..#.....#
#.
......#......+..##'####
#.
......#......#..#.....#
#####.
......##....##..#.....#
#.....


There were no monsters in sight!

Vanquished Creatures
  A troll (D:9)
  A water moccasin (D:7)
  2 orc warriors
  2 ice beasts (D:5)
  A sky beast (D:7)
  4 black bears
  A centaur (D:8)
  3 phantoms
  2 kobold brigands (D:7)
  4 bullfrogs
  2 gnoll sergeants
  3 scorpions
  17 killer bees (D:9)
  An electric eel (D:8)
  2 howler monkeys (D:6)
  3 hounds
  3 jellies (D:6)
  An orc priest (D:9)
  Jessica (D:3)
  5 iguanas
  3 orc wizards (D:6)
  Robin (D:3)
  10 adders
  11 gnolls
  A shadow imp (D:6)
  2 ufetubi
  A worm (D:3)
  23 orcs
  9 ball pythons
  6 endoplasms
  8 giant cockroaches
  12 goblins
  7 hobgoblins
  4 quokkas
  5 bats
  6 frilled lizards (D:1)
  14 kobolds
  4 rats
186 creatures vanquished.

Vanquished Creatures (others)
  9 plants
9 creatures vanquished.

Grand Total: 195 creatures vanquished

Notes
Turn   | Place    | Note
-------+----------+-------------------------------------------
     0 | D:1      | raistware the Octopode Conjurer began the quest for the
                  | Orb.
     0 | D:1      | Reached XP level 1. HP: 11/11 MP: 3/3
   324 | D:1      | Reached XP level 2. HP: 17/17 MP: 1/5
   779 | D:1      | Reached XP level 3. HP: 21/21 MP: 4/7
  1291 | D:2      | Found a faded altar of an unknown god.
  1408 | D:2      | Reached XP level 4. HP: 27/27 MP: 3/9
  1594 | D:2      | Found a runed translucent door.
  1600 | D:2      | Learned a level 4 spell: Iskenderun's Mystic Blast
  1600 | D:2      | Noticed Crazy Yiuf
  1894 | D:3      | Found a burning altar of Makhleb.
  1912 | D:3      | Noticed a steam dragon
  1930 | D:3      | Found a transporter.
  1933 | D:3      | Noticed btonasse's ghost (amateur BaHu)
  1938 | D:3      | Found a transporter.
  2010 | D:3      | Noticed Robin
  2135 | D:3      | Found an ornate altar of the Wu Jian Council.
  2138 | D:3      | Found an opulent altar of Gozag.
  2185 | D:3      | Reached skill level 1 in Translocations
  2344 | D:3      | Found a snail-covered altar of Cheibriados.
  2375 | D:3      | Noticed Jessica
  2379 | D:3      | Killed Jessica
  2481 | D:3      | Reached XP level 5. HP: 31/31 MP: 7/11
  2990 | D:3      | Killed Robin
  3129 | D:4      | Noticed a black bear
  3137 | D:4      | Found an ancient bone altar of Kikubaaqudgha.
  3167 | D:4      | Killed a black bear
  3168 | D:4      | Reached XP level 6. HP: 36/36 MP: 6/13
  3378 | D:4      | Reached skill level 5 in Conjurations
  3535 | D:4      | Reached skill level 5 in Spellcasting
  4424 | D:5      | Entered Level 5 of the Dungeon
  4460 | D:5      | Reached XP level 7. HP: 35/41 MP: 5/15
  4765 | D:4      | Reached skill level 6 in Conjurations
  5246 | D:4      | Reached skill level 1 in Fighting
  5599 | D:5      | Reached XP level 8. HP: 48/48 MP: 3/17
  5724 | D:5      | Found a staircase to the Ecumenical Temple.
  5738 | Temple   | Entered the Ecumenical Temple
  5815 | Temple   | Became a worshipper of Vehumet
  6348 | D:5      | Found a glowing golden altar of the Shining One.
  6776 | D:6      | Reached skill level 7 in Conjurations
  6800 | D:6      | Found Wuiboq's Magic Scroll Shoppe.
  7455 | D:6      | Reached skill level 8 in Conjurations
  7612 | D:6      | Reached XP level 9. HP: 53/53 MP: 14/20
  8511 | D:7      | Found a hazy altar of Hepliaklqana.
  8512 | D:7      | Found a stormy altar of Qazlal.
  8517 | D:7      | Found a hide-covered altar of Uskayaw.
  8814 | D:7      | Reached * piety under Vehumet
  8814 | D:7      | Offered knowledge of Freeze by Vehumet.
  8815 | D:7      | Reached skill level 9 in Conjurations
  9524 | D:8      | Found a bloodstained altar of Trog.
  9813 | D:8      | Found a basalt altar of Yredelemnul.
  9904 | D:8      | Identified the +9 whip of Lycafi {vorpal, Str+7 Stlth-}
  9905 | D:8      | Found a sacrificial altar of Ru.
 10236 | D:6      | Bought a scroll of identify for 24 gold pieces
 10236 | D:6      | Bought a scroll of noise for 12 gold pieces
 10411 | D:9      | Noticed a troll
 10425 | D:9      | Killed a troll
 10632 | D:9      | Reached XP level 10. HP: 60/60 MP: 23/23
 11011 | D:9      | Reached skill level 10 in Conjurations
 11011 | D:9      | HP: 2/60 [centaur/arrow (8)]
 11012 | D:9      | Succumbed to a killer bee's poison

Illustrated notes

Levels and vault maps discovered:
D:1:      dpeg_chamrin_arrival_tetris, layout_basic
D:2:      layout_rooms, ebering_ecumenical_altar_sacrificial,
          uniq_crazy_yiuf_cottage
D:3:      minmay_razor_zed, layout_basic, mainiacjoe_overflow_divided_tiny,
          nicolae_overflow_crystal_walls, marbit_many_paths,
          gammafunk_ghost_arena, minmay_misc_feat_tiny, grunt_decor_fettered,
          uniq_jessica, uniq_robin
D:4:      layout_basic, kiku_gazebo_pond_becter, dk_vineyard_2,
          nicolae_grassy_gnolls
D:5:      layout_basic, tso_oasis_becter, minmay_temple_entry_slanted
D:6:      layout_cave_pools, ebering_dispersal_statue_hall,
          nicolae_take_the_stairs, kennysheep_path_1
D:7:      layout_layer_cave, minitemple
D:8:      layout_basic, lemuel_crystal_altar, nicolae_ru_awakened_eye,
          mainiacjoe_overflow_cross_hatched, serial_bayou_lagoon_a
D:9:      layout_gridville
Temple:   hellmonk_temple_forest_ring

Skill      XL: |  1  2  3  4  5  6  7  8  9 10 |
---------------+-------------------------------+-----
Spellcasting   | 3 4 5 6 7 9 |  9.4
Translocations | 2 |  2.0
Stealth        | 3 |  3.0
Conjurations   | 5 6 8 9 10 | 10.0
Fighting       | 1 2 |  2.0
Dodging        | 3 4 |  4.0

Action                   |  1- 3 |  4- 6 |  7- 9 | 10-12 || total
-------------------------+-------+-------+-------+-------++-------
Melee: Unarmed           |    16 |       |       |       ||    16
       Constrict         |     2 |     1 |     7 |     2 ||    12
       Tentacles         |     1 |     1 |     7 |     1 ||    10
       Spear             |     1 |       |       |       ||     1
       Staff             |       |    11 |    19 |     5 ||    35
Throw: Dart              |       |    12 |       |     2 ||    14
 Cast: Magic Dart        |    76 |   138 |   255 |    27 ||   496
       Iskenderun's Myst |       |     1 |    24 |     5 ||    30
Evoke: Wand              |       |     2 |    24 |     2 ||    28
  Use: Scroll            |       |       |     7 |     2 ||     9
 Stab: Invisible         |       |       |       |     1 ||     1
Armor: Skin              |     5 |     2 |     5 |     1 ||    13
Dodge: Dodged            |    22 |    27 |    82 |     7 ||   138
